[Event "ICCopen2017"]
[Site "Internet Chess Club"]
[Date "2017.03.26"]
[Round "7"]
[White "vishweshk"]
[Black "Buscapina"]
[Result "0-1"]
[ICCResult "White checkmated"]
[WhiteElo "1832"]
[BlackElo "2204"]
[Opening "Queen's pawn"]
[ECO "A40"]
[NIC "QO.17"]
[Time "20:18:27"]
[TimeControl "180+0"]

1. d4 e6 2. e3 d5 3. Bd3 f5 4. Nf3 Nf6 5. Ne5 c5 6. c3 Nc6 7. f4 Bd6 8. O-O
O-O 9. Nd2 Ne4 10. Ndf3 Bd7 11. Bd2 Be8 12. Be1 Bh5 13. Qa4 Qb6 14. Nd7 Qxb2
15. Rb1 Nxc3 16. Bxc3 Qxc3 17. Nxf8 Qxd3 18. Nxe6 Qxe3+ 19. Kh1 Qxe6 20.
Rxb7 Bxf4 21. Re1 Qf6 22. dxc5 d4 23. Qb3+ Kh8 24. Re6 Bf7 25. Rxf6 Bxb3 26.
Rxc6 Bd5 27. Rcc7 Bxc7 28. Rxc7 d3 29. Rd7 Be4 30. Ne5 Rb8 31. h3 h6 32. c6
Rb1+ 33. Kh2 Rc1 34. c7 Kh7 35. Nxd3 Bxd3 36. Rxd3 Rxc7 37. Rd5 Rc2 38. a4
f4 39. Ra5 f3 40. Kg1 Rxg2+ 41. Kf1 Rg3 42. Rxa7 Rxh3 43. a5 Rh2 44. a6 Ra2
45. Ra8 Kg6 46. a7 Kh5 47. Kg1 g5 48. Kf1 Kg4 49. Kg1 Kg3 50. Re8 Ra1+ 51.
Re1 Rxe1# {White checkmated} 0-1

[Event "ICCopen2017"]
[Site "Internet Chess Club"]
[Date "2017.03.26"]
[Round "7"]
[White "rencoroso"]
[Black "fiveknights"]
[Result "0-1"]
[ICCResult "White checkmated"]
[WhiteElo "2028"]
[BlackElo "1727"]
[Opening "Sicilian: Nimzovich-Rossolimo attack (with ...g6, without ...d6)"]
[ECO "B31"]
[NIC "SI.31"]
[Time "20:18:48"]
[TimeControl "180+0"]

1. e4 c5 2. Nf3 Nc6 3. Bb5 g6 4. Bxc6 bxc6 5. d3 Bg7 6. O-O d5 7. h3 Nf6 8.
e5 Nd7 9. Re1 e6 10. Nbd2 O-O 11. Nf1 Rb8 12. b3 a5 13. a4 Ba6 14. Bb2 Qc7
15. Qd2 c4 16. dxc4 Bxc4 17. Bc3 Bxf1 18. Bxa5 Qb7 19. Kxf1 c5 20. Kg1 d4
21. Re2 Ra8 22. Qe1 Qa6 23. Bd2 Nb6 24. Bg5 Nd5 25. Re4 d3 26. Rh4 dxc2 27.
Bh6 Ne7 28. Bxg7 Kxg7 29. Qc1 Nf5 30. Rc4 Rac8 31. Qxc2 Rfd8 32. Rxc5 Rxc5
33. Qxc5 Rd3 34. b4 Qa8 35. b5 Rd5 36. Qb4 Qd8 37. b6 Rd1+ 38. Rxd1 Qxd1+
39. Kh2 Qe2 40. b7 Qxf2 41. b8=Q Ne3 42. Qf4 Qxg2# {White checkmated} 0-1

[Event "ICCopen2017"]
[Site "Internet Chess Club"]
[Date "2017.03.26"]
[Round "7"]
[White "ComeonJimtal"]
[Black "tirandopiezas"]
[Result "0-1"]
[ICCResult "White resigns"]
[WhiteElo "1769"]
[BlackElo "2007"]
[Opening "Danish gambit"]
[ECO "C21"]
[NIC "KP.04"]
[Time "20:19:08"]
[TimeControl "180+0"]

1. e4 e5 2. d4 exd4 3. c3 d3 4. Bxd3 Nc6 5. Nf3 d6 6. Bc4 Be7 7. Qb3 Be6 8.
Bxe6 fxe6 9. Qxe6 Qd7 10. Qb3 Nf6 11. Ng5 Ne5 12. f4 Nfg4 13. fxe5 Bxg5 14.
Bxg5 Nxe5 15. O-O h6 16. Qxb7 Rc8 17. Bh4 Ng6 18. Bg3 Ke7 19. Nd2 h5 20. Nf3
h4 21. Bf2 Rb8 22. Qxa7 Rxb2 23. Nd4 Ne5 24. Nf5+ Kf6 25. Bd4 Kg6 26. Bxe5
dxe5 27. Qe3 Rh5 28. Rad1 Qe6 29. Qh3 Kh7 30. Qg4 Qb6+ 31. Kh1 Qg6 32. Qxg6+
Kxg6 33. Rd7 h3 34. Rxg7+ Kf6 35. g4 Rxf5 36. Rxf5+ Kxg7 37. Rf1 Rxa2 38.
Kg1 Rg2+ 39. Kh1 Rc2 40. Rd1 Kg6 41. Kg1 Rg2+ 42. Kh1 Rc2 43. Kg1 Kg5 44.
Rd3 Kxg4 45. Rg3+ Kh4 46. Kf1 Rxh2 47. Kg1 Kxg3 48. c4 Rc2 49. c5 h2+ 50.
Kf1 Rc1+ {White resigns} 0-1

[Event "ICCopen2017"]
[Site "Internet Chess Club"]
[Date "2017.03.26"]
[Round "7"]
[White "blackending"]
[Black "BronStorm"]
[Result "0-1"]
[ICCResult "White checkmated"]
[WhiteElo "1565"]
[BlackElo "1862"]
[Opening "Sicilian: Taimanov variation"]
[ECO "B49"]
[NIC "SI.40"]
[Time "20:18:47"]
[TimeControl "180+0"]

1. e4 c5 2. Nf3 e6 3. d4 cxd4 4. Nxd4 Nc6 5. Nc3 Qc7 6. Be3 a6 7. Be2 Nf6 8.
O-O Be7 9. Kh1 b5 10. a3 Bb7 11. Bd3 d6 12. f4 Na5 13. Qf3 Nc4 14. Bc1 Rc8
15. Re1 O-O 16. Qh3 g6 17. f5 exf5 18. exf5 Rfe8 19. fxg6 hxg6 20. Bg5 Nh5
21. Bxe7 Rxe7 22. Rxe7 Qxe7 23. Bxc4 Rxc4 24. Nf3 Nf4 25. Qh4 Qxh4 26. Nxh4
g5 27. Nf3 g4 28. Ng5 Bxg2+ 29. Kg1 Bc6 30. Rd1 d5 31. Nxd5 Nxd5 32. c3 Rf4
33. Re1 Rf5 34. Ne4 Nf4 35. Nd6 Nh3# {White checkmated} 0-1

[Event "ICCopen2017"]
[Site "Internet Chess Club"]
[Date "2017.03.26"]
[Round "7"]
[White "JaqueMateus1"]
[Black "Revolutions"]
[Result "1-0"]
[ICCResult "Black checkmated"]
[WhiteElo "2309"]
[BlackElo "1821"]
[Opening "Queen's pawn game"]
[ECO "A45"]
[NIC "QP.07"]
[Time "20:18:49"]
[TimeControl "180+0"]

1. d4 Nf6 2. Nc3 g6 3. e4 Bg7 4. Be3 O-O 5. f3 d6 6. Qd2 Re8 7. h4 a6 8. h5
Nbd7 9. hxg6 fxg6 10. Bc4+ e6 11. Nh3 b5 12. Bb3 a5 13. Ng5 Nf8 14. Nxb5 a4
15. Bc4 c6 16. Nc3 d5 17. Bd3 Ba6 18. e5 N6d7 19. Bxa6 Rxa6 20. g4 c5 21. f4
cxd4 22. Bxd4 Nb6 23. Qh2 h6 24. Nf3 Nc4 25. b3 axb3 26. cxb3 Na3 27. O-O
Qa5 28. Rac1 Nb5 29. a4 Nxc3 30. Rxc3 Rb8 31. Rfc1 Qd8 32. Qc2 Raa8 33. Kg2
Qe8 34. Rc7 Rd8 35. Bc5 Rd7 36. Bxf8 Rxc7 37. Qxc7 Qxf8 38. Kg3 Rb8 39. Rc3
h5 40. gxh5 gxh5 41. Qd7 Re8 42. Rc7 Rd8 43. Qe7 Qxe7 44. Rxe7 d4 45. Rxe6
d3 46. Nd2 Kf7 47. Rc6 Bh6 48. Kf3 Ke7 49. Rxh6 Rd4 50. Ke3 Rd8 51. Rd6 Rg8
52. Rxd3 h4 53. Ke4 h3 54. Rxh3 Ke6 55. Rh6+ Ke7 56. f5 Ke8 57. Kd5 Kd8 58.
Ne4 Kc8 59. Nd6+ Kb8 60. Kc6 Rd8 61. Rh7 Ka8 62. Rd7 Rc8+ 63. Nxc8 Kb8 64.
Nd6 Ka8 65. Kb6 Kb8 66. Rd8# {Black checkmated} 1-0

[Event "ICCopen2017"]
[Site "Internet Chess Club"]
[Date "2017.03.26"]
[Round "7"]
[White "ChessOlympian"]
[Black "EGK"]
[Result "0-1"]
[ICCResult "White forfeits on time"]
[WhiteElo "1604"]
[BlackElo "1933"]
[Opening "Scandinavian (center counter) defense"]
[ECO "B01"]
[NIC "VO.17"]
[Time "20:18:35"]
[TimeControl "180+0"]

1. e4 d5 2. Nc3 dxe4 3. Nxe4 Nf6 4. Qf3 Nc6 5. Bb5 Bd7 6. Nxf6+ exf6 7. Ne2
Bd6 8. d4 O-O 9. O-O a6 10. Bc4 Na5 11. Bd3 Bc6 12. Qh3 g6 13. c4 b6 14. d5
Bd7 15. Qh6 Re8 16. Nd4 Nb7 17. Be3 Bf8 18. Qf4 Bg7 19. Rfe1 f5 20. Rad1 Nd6
21. Nc6 Bxc6 22. dxc6 Be5 23. Qf3 Bxb2 24. c5 bxc5 25. Bxc5 Qf6 26. g3 Rad8
27. Bxa6 Ne4 28. Rxd8 Rxd8 29. Be3 Qxc6 30. Bf1 Bd4 31. Bg2 Bxe3 32. Qxe3
Re8 33. f3 Nd6 34. Qf2 Rxe1+ 35. Qxe1 Qc5+ 36. Qf2 Qxf2+ 37. Kxf2 Kf8 38. f4
Ke7 39. a4 Nc4 40. Bd5 Nb6 41. Bb3 f6 42. a5 Nc8 43. a6 Kd6 44. Ke3 Kc6 45.
Kd4 Kb6 46. Kd5 Kxa6 47. Ke6 c5 48. Kxf6 Nb6 {White forfeits on time} 0-1

[Event "ICCopen2017"]
[Site "Internet Chess Club"]
[Date "2017.03.26"]
[Round "7"]
[White "Djukanyc"]
[Black "heartache"]
[Result "1-0"]
[ICCResult "Black checkmated"]
[WhiteElo "1840"]
[BlackElo "1069"]
[Opening "Scotch gambit"]
[ECO "C44"]
[NIC "SO.06"]
[Time "20:20:05"]
[TimeControl "180+0"]

1. e4 e5 2. Nf3 Nc6 3. d4 exd4 4. Bc4 h6 5. O-O Nf6 6. e5 Nh5 7. c3 d5 8.
Bb5 Bg4 9. cxd4 Be7 10. h3 Bd7 11. Nc3 O-O 12. Nxd5 a6 13. Nxe7+ Qxe7 14.
Bc4 b5 15. Bd3 Be6 16. g4 Bxg4 17. hxg4 Nf4 18. Bxf4 Rad8 19. Be4 Nb4 20. a3
g5 21. axb4 gxf4 22. Qd2 Kh8 23. Qxf4 Rg8 24. Qxh6# {Black checkmated} 1-0

[Event "ICCopen2017"]
[Site "Internet Chess Club"]
[Date "2017.03.26"]
[Round "7"]
[White "gannikus1992"]
[Black "leonardoalmeida"]
[Result "1-0"]
[ICCResult "Black checkmated"]
[WhiteElo "2368"]
[BlackElo "1853"]
[Opening "Scandinavian (center counter) defense"]
[ECO "B01"]
[NIC "SD.01"]
[Time "20:18:30"]
[TimeControl "180+0"]

1. e4 d5 2. exd5 Qxd5 3. Nc3 Qa5 4. Nf3 c6 5. Bc4 Bf5 6. O-O e6 7. d4 Nf6 8.
Bd2 Qb6 9. Rb1 Nbd7 10. b4 Be7 11. b5 Qc7 12. bxc6 bxc6 13. Ba6 Rb8 14.
Rxb8+ Qxb8 15. Ne2 O-O 16. Ng3 Bg4 17. h3 Bxf3 18. Qxf3 Qb6 19. Qd3 c5 20.
c3 cxd4 21. cxd4 Rd8 22. Rb1 Qc6 23. Bb5 Qc8 24. Ba5 Rf8 25. a4 Nd5 26. Ne4
N7b6 27. Bd2 h6 28. a5 Nd7 29. Rc1 Qd8 30. Qg3 Kh8 31. Nc5 Nxc5 32. dxc5 Nf6
33. Qe3 Nd5 34. Qe2 Bg5 35. c6 Bxd2 36. Qxd2 Qc7 37. Be2 Rd8 38. Bf3 Kg8 39.
Qb2 Rb8 40. Qd2 Rd8 41. a6 Rd6 42. Qc2 Nb4 43. Qc4 Nd5 44. Qc5 g5 45. g3 Kg7
46. Kg2 Kf6 47. h4 Kg7 48. hxg5 hxg5 49. Qd4+ f6 50. Qc5 Kg6 51. Be4+ f5 52.
Bxd5 Rxd5 53. Qf8 Rd6 54. Rh1 Qg7 55. Qxd6 f4 56. Qxe6+ Qf6 57. Rh6+ Kxh6
58. Qxf6+ Kh5 59. g4+ Kxg4 60. f3+ Kh5 61. c7 g4 62. c8=Q gxf3+ 63. Kf1 f2
64. Qh3# {Black checkmated} 1-0

[Event "ICCopen2017"]
[Site "Internet Chess Club"]
[Date "2017.03.26"]
[Round "7"]
[White "Mephisto521"]
[Black "Synapse"]
[Result "0-1"]
[ICCResult "White checkmated"]
[WhiteElo "1557"]
[BlackElo "1438"]
[Opening "Queen's pawn game"]
[ECO "E20"]
[NIC "QP.07"]
[Time "20:18:53"]
[TimeControl "180+0"]

1. d4 Nf6 2. c4 e6 3. Nc3 Be7 4. Bd2 d5 5. Nf3 dxc4 6. e4 Nc6 7. Bxc4 O-O 8.
O-O Na5 9. Bd3 c5 10. e5 Nd5 11. Ne4 cxd4 12. Nd6 Bxd6 13. exd6 Nc6 14. Ng5
h6 15. Ne4 f5 16. Ng3 Qxd6 17. Bc4 Kh8 18. a3 a6 19. b4 b5 20. Ba2 Ne5 21.
Bxd5 Qxd5 22. Bf4 Bb7 23. f3 Ng6 24. Bd2 e5 25. Nh5 e4 26. fxe4 fxe4 27. Qg4
Kh7 28. Nf4 Nxf4 29. Bxf4 Rf6 30. h4 Rg6 31. Qh3 e3 32. Rf3 Re8 33. Raf1 e2
34. Re1 d3 35. Bd2 Qd4+ 36. Be3 Qc3 37. Rg3 Qxe1+ 38. Kh2 Rxg3 39. Qxg3
Qxg3+ 40. Kxg3 e1=Q+ 41. Bf2 Qe3+ 42. Bxe3 Rxe3+ 43. Kh2 d2 44. g3 d1=Q 45.
Kh3 Qg1 46. Kg4 Qxg3+ 47. Kf5 Qe5+ 48. Kg4 Qg3+ 49. Kf5 Re5# {White
checkmated} 0-1

[Event "ICCopen2017"]
[Site "Internet Chess Club"]
[Date "2017.03.26"]
[Round "7"]
[White "Kalmyk"]
[Black "sacov"]
[Result "1-0"]
[ICCResult "Black checkmated"]
[WhiteElo "2786"]
[BlackElo "2170"]
[Opening "QGD: Tarrasch, Prague variation, Normal position"]
[ECO "D02"]
[NIC "TD.04"]
[Time "20:18:50"]
[TimeControl "180+0"]

1. d4 d5 2. Nf3 c5 3. c4 e6 4. cxd5 exd5 5. g3 Nc6 6. Bg2 Nf6 7. O-O Be7 8.
Nc3 O-O 9. dxc5 Bxc5 10. a3 a6 11. b4 Ba7 12. Bb2 Re8 13. Na4 Ne4 14. Rc1
Bg4 15. Nc5 Nxc5 16. bxc5 Qe7 17. Qxd5 Qxe2 18. Bxg7 Bxf3 19. Bxf3 Qe6 20.
Ba1 Qxd5 21. Bxd5 Re2 22. Rc4 Rd8 23. Rg4+ Kf8 24. Bc4 Rc2 25. Re1 Rxc4 26.
Rxc4 Rd5 27. Rce4 Rd8 28. Bf6 Rc8 29. Rh4 Kg8 30. Rg4+ Kf8 31. Bg7+ Kg8 32.
Bh6+ Kh8 33. Rge4 Rg8 34. Re8 f5 35. Rxg8+ Kxg8 36. Rb1 Bxc5 37. Rxb7 Bxa3
38. Rg7+ Kh8 39. Rc7 Ne7 40. Ra7 Kg8 41. Rxa6 Bc5 42. Be3 Bb4 43. Ra4 Bd6
44. Ra6 Bb4 45. Rb6 Ba3 46. Rb5 Kf7 47. Bg5 Ke6 48. Bxe7 Bxe7 49. Kg2 Kf7
50. Rxf5+ Kg6 51. Rb5 Bg5 52. f4 Bf6 53. Kf3 Kf7 54. g4 Be7 55. g5 Ke6 56.
Kg4 Kd6 57. h4 Kc6 58. Rf5 Kd6 59. Rf7 Ke6 60. Rxh7 Bf8 61. f5+ Kd6 62. f6
Ke6 63. Rh8 Bd6 64. Re8+ Kf7 65. Rd8 Bf8 66. Kf5 Bc5 67. g6# {Black
checkmated} 1-0

[Event "ICCopen2017"]
[Site "Internet Chess Club"]
[Date "2017.03.26"]
[Round "7"]
[White "Discoverchess"]
[Black "pagoda"]
[Result "1/2-1/2"]
[ICCResult "Game drawn because neither player has mating material"]
[WhiteElo "2674"]
[BlackElo "1792"]
[Opening "Pirc: Ufimtsev-Pytel variation"]
[ECO "B07"]
[NIC "PU.08"]
[Time "20:18:56"]
[TimeControl "180+0"]

1. e4 d6 2. d4 Nf6 3. Nc3 c6 4. f4 Qb6 5. Nf3 Bg4 6. Be2 Bxf3 7. Bxf3 e5 8.
fxe5 dxe5 9. dxe5 Nfd7 10. e6 fxe6 11. Qe2 e5 12. Rb1 a5 13. Be3 Bc5 14.
Bxc5 Qxc5 15. Rd1 O-O 16. Qf2 a4 17. O-O a3 18. Qxc5 Nxc5 19. b4 Ne6 20. b5
Nd4 21. bxc6 bxc6 22. Rd2 Na6 23. Ne2 Nxe2+ 24. Bxe2 Rxf1+ 25. Kxf1 Nc5 26.
Rd6 Rc8 27. Bc4+ Kf8 28. Bd3 Ke7 29. Ba6 Kxd6 30. Bxc8 Nxe4 31. Ba6 Kc5 32.
Bc8 Kd5 33. Ke2 Nc3+ 34. Kd2 Nxa2 35. c3 e4 36. Kc2 e3 37. Bg4 Ke4 38. Bf3+
Kf4 39. Be2 c5 40. Bc4 Nb4+ 41. cxb4 cxb4 42. Kd3 h5 43. Ke2 Ke4 44. h4 Kd4
45. Bf7 Kc3 46. Kxe3 b3 47. Kf4 a2 48. Bxh5 a1=Q 49. Bf3 Qh1 50. Kg5 Qh2 51.
g4 b2 52. Be4 Qd2+ 53. Kg6 Qf4 54. Bf5 Qe5 55. h5 Qxf5+ 56. gxf5 b1=Q 57.
Kxg7 Qxf5 58. h6 Qh5 59. h7 Qg5+ 60. Kf7 Qh6 61. Kg8 Qg6+ 62. Kh8 Qh5 63.
Kg8 Qe8+ 64. Kg7 Qe7+ 65. Kg8 Qe6+ 66. Kg7 Qe5+ 67. Kg8 Qg5+ 68. Kf7 Qh6 69.
Kg8 Qxh7+ 70. Kxh7 {Game drawn because neither player has mating material}
1/2-1/2

[Event "ICCopen2017"]
[Site "Internet Chess Club"]
[Date "2017.03.26"]
[Round "7"]
[White "ROWLAND"]
[Black "LiangLiang"]
[Result "0-1"]
[ICCResult "White forfeits on time"]
[WhiteElo "1433"]
[BlackElo "1696"]
[Opening "Sicilian, Chekhover variation"]
[ECO "B53"]
[NIC "SI.02"]
[Time "20:18:52"]
[TimeControl "180+0"]

1. e4 c5 2. Nf3 d6 3. d4 cxd4 4. Qxd4 Nc6 5. Bb5 Qa5+ 6. Nc3 Qxb5 7. Nxb5
Nxd4 8. Nbxd4 a6 9. b3 e5 10. Nf5 Bxf5 11. exf5 Ne7 12. f6 gxf6 13. Bb2 Bg7
14. O-O-O d5 15. Nh4 Bh6+ 16. Kb1 Rg8 17. g3 Rd8 18. f4 Bg7 19. g4 Ng6 20.
Nxg6 hxg6 21. fxe5 fxe5 22. Rhe1 e4 23. Bxg7 Rxg7 24. Rd4 f5 25. gxf5 gxf5
26. Red1 e3 27. c4 e2 28. Re1 Re7 29. Rd2 dxc4 30. Rdxe2 Rd1+ 31. Rxd1 Rxe2
32. bxc4 Rxh2 33. Rd5 f4 34. Rf5 Rf2 35. a4 Kd7 36. Kc1 Kc6 37. Kd1 f3 38.
Ke1 Ra2 39. Rxf3 Rxa4 40. Rf4 Kc5 41. Kd2 Rxc4 42. Rf5+ Kb4 43. Kd3 b5 44.
Rf7 a5 45. Rf6 a4 46. Rf5 Rc3+ 47. Kd2 Rb3 48. Kc2 Ka3 49. Rd5 b4 50. Rd4
Ka2 51. Rd1 Rb2+ 52. Kc1 Rb1+ 53. Kc2 Rxd1 54. Kxd1 b3 {White forfeits on
time} 0-1

[Event "ICCopen2017"]
[Site "Internet Chess Club"]
[Date "2017.03.26"]
[Round "7"]
[White "xvs"]
[Black "Jude"]
[Result "0-1"]
[ICCResult "White forfeits on time"]
[WhiteElo "1695"]
[BlackElo "1951"]
[Opening "Sicilian"]
[ECO "B50"]
[NIC "SI.01"]
[Time "20:18:49"]
[TimeControl "180+0"]

1. e4 c5 2. Nf3 d6 3. Nc3 Nf6 4. d4 cxd4 5. Qxd4 a6 6. Bc4 Nc6 7. Qe3 e6 8.
a3 Qc7 9. Bb3 Be7 10. Qe2 b5 11. O-O Bb7 12. Bg5 h6 13. Bh4 O-O 14. Rad1
Rfd8 15. h3 Rac8 16. Rfe1 Na5 17. Bg3 Nc4 18. Bxc4 Qxc4 19. Qe3 d5 20. Nd2
Qc5 21. exd5 Nxd5 22. Qf3 Ba8 23. Nde4 Qc6 24. Nxd5 Rxd5 25. Nc3 Rxd1 26.
Rxd1 Qxf3 27. gxf3 Bxf3 28. Rd7 Bxa3 29. Nxb5 Bxb2 30. Nd6 Rxc2 31. Bf4 Bh5
32. Ra7 Rc6 33. Ra8+ Kh7 34. Nc8 Bc3 35. Ne7 Rb6 36. Be3 Rb1+ 37. Kh2 a5 38.
Rc8 Be5+ 39. f4 Bd6 40. Nc6 Bf3 41. Nxa5 g5 42. Kg3 Bd5 43. Bd4 gxf4+ 44.
Kg4 Rb4 45. Rh8+ Kg6 46. Rg8+ Kh7 47. Rg7+ Kh8 48. Rg5+ Kh7 49. Rg7+ Kh8 50.
Rxf7+ Kg8 51. Rg7+ Kf8 52. Bf6 f3+ 53. Kh5 f2 54. Kg6 Be4+ 55. Kxh6 f1=Q 56.
Rg4 Qxf6+ 57. Kh5 Bf3 {White forfeits on time} 0-1

[Event "ICCopen2017"]
[Site "Internet Chess Club"]
[Date "2017.03.26"]
[Round "7"]
[White "tsedaka26"]
[Black "JohannesHaugish"]
[Result "1-0"]
[ICCResult "Black forfeits on time"]
[WhiteElo "1695"]
[BlackElo "1830"]
[Opening "French: advance, Nimzovich system"]
[ECO "C00"]
[NIC "FR.01"]
[Time "20:18:46"]
[TimeControl "180+0"]

1. e4 e6 2. Nf3 d5 3. e5 c5 4. d4 cxd4 5. Nbd2 Nc6 6. Nb3 Qc7 7. Bb5 Bd7 8.
Nbxd4 Nxe5 9. O-O Nxf3+ 10. Qxf3 Nf6 11. Re1 Be7 12. Bxd7+ Qxd7 13. Bg5 O-O
14. Rad1 Ne4 15. Bxe7 Qxe7 16. c4 Qf6 17. cxd5 exd5 18. Nf5 Rfe8 19. Rxd5
Ng5 20. Rxe8+ Rxe8 21. Qd1 g6 22. Nh6+ Kg7 23. Ng4 Qf4 24. h4 Ne6 25. g3 Qb4
26. Qd2 Qxg4 27. Rd7 Qc4 28. h5 Rc8 29. h6+ Kg8 30. Kh2 Qc6 31. Re7 Re8 32.
Rxe8+ Qxe8 33. Qc3 g5 34. Qf6 Qd8 35. Qe5 Qd4 36. Qb8+ Qd8 37. Qxb7 a5 38.
Qa7 g4 39. Qe3 Ng5 40. Qf4 Nf3+ 41. Kg2 Qc8 42. Qf6 Qf8 43. Qa6 Ng5 44. Qxa5
Qxh6 45. Qd8+ Kg7 46. Qd4+ f6 47. Qxg4 Qg6 48. a4 h5 49. Qf4 Qe4+ 50. Qxe4
Nxe4 51. a5 Nc5 52. b4 Na6 53. b5 Nc5 54. a6 Nd7 55. a7 Nb6 56. Kf3 Kf7 57.
Kf4 Ke7 58. Kf5 Kd7 59. Kxf6 Kc7 60. Kg5 Kb7 61. Kxh5 Kxa7 62. g4 Kb7 63. g5
Kc7 64. g6 Kd7 65. g7 Nd5 66. g8=Q Nf6+ 67. Kg6 Nxg8 68. Kf7 Ne7 69. b6 Nd5
70. b7 Kc7 71. Ke6 Kb8 72. Kxd5 {Black forfeits on time} 1-0

[Event "ICCopen2017"]
[Site "Internet Chess Club"]
[Date "2017.03.26"]
[Round "7"]
[White "GranTorre"]
[Black "trianon"]
[Result "0-1"]
[ICCResult "White forfeits on time"]
[WhiteElo "1878"]
[BlackElo "2253"]
[Opening "Réti opening"]
[ECO "A30"]
[NIC "EO.35"]
[Time "20:18:47"]
[TimeControl "180+0"]

1. Nf3 c5 2. c4 Nc6 3. Nc3 g6 4. d4 cxd4 5. Nxd4 Bg7 6. Nb3 Nf6 7. g3 O-O 8.
Bg2 d6 9. O-O Be6 10. Nd5 Qd7 11. a3 Bh3 12. Bg5 Bxg2 13. Kxg2 Ne4 14. Bc1
b6 15. f3 Nc5 16. Rb1 Rab8 17. Be3 e6 18. Nf4 Rfd8 19. Nd3 Qe7 20. Nb4 Rbc8
21. Nxc6 Rxc6 22. Nd4 Rcc8 23. b4 Nd7 24. Qb3 Ne5 25. Rbc1 h5 26. Rfd1 h4
27. g4 Bf6 28. h3 d5 29. cxd5 Rxc1 30. Rxc1 Rxd5 31. f4 Nd7 32. Nf3 e5 33.
Qxd5 exf4 34. Bxf4 Qxe2+ 35. Kh1 Qf2 36. Ng1 Qb2 37. Rc8+ Kg7 38. Qxd7 Qa2
39. Qc6 Qb3 40. Rc7 Qxa3 {White forfeits on time} 0-1

[Event "ICCopen2017"]
[Site "Internet Chess Club"]
[Date "2017.03.26"]
[Round "7"]
[White "DetectiveStark"]
[Black "BUHO64"]
[Result "1-0"]
[ICCResult "Black checkmated"]
[WhiteElo "2504"]
[BlackElo "2022"]
[Opening "Sicilian: Alapin's variation (2.c3)"]
[ECO "B22"]
[NIC "SI.46"]
[Time "20:17:52"]
[TimeControl "180+0"]

1. e4 c5 2. c3 d5 3. exd5 Qxd5 4. d4 e5 5. dxe5 Qxd1+ 6. Kxd1 Bg4+ 7. Be2 h5
8. Nf3 Nc6 9. Bf4 O-O-O+ 10. Kc1 f6 11. exf6 Nxf6 12. Nbd2 Nd5 13. Bg5 Be7
14. Bxe7 Ncxe7 15. Re1 Nf4 16. Bf1 Nc6 17. b3 Bf5 18. Kb2 a6 19. Re3 Rd7 20.
Nc4 Kc7 21. Nfe5 Nxe5 22. Rxe5 Bd3 23. Rxc5+ Kb8 24. Ne5 Rdd8 25. Nxd3 Rxd3
26. Rc1 Rhd8 27. Rf5 Rd2+ 28. Rc2 Ne6 29. Bc4 Nc7 30. Rxh5 b5 31. Bf1 Ne6
32. Re5 Nf4 33. g3 Ng6 34. Re6 Nf8 35. Rxa6 Kb7 36. Bxb5 Rd1 37. a4 Re1 38.
h4 Rdd1 39. Ka3 Ra1+ 40. Kb4 Re4+ 41. c4 Rb1 42. Rc3 Re2 43. Rf3 Ne6 44.
Rf7+ Kb8 45. Rb6+ Kc8 46. Ba6+ Kd8 47. Rb8# {Black checkmated} 1-0

[Event "ICCopen2017"]
[Site "Internet Chess Club"]
[Date "2017.03.26"]
[Round "7"]
[White "wagnerbi"]
[Black "OTBB"]
[Result "0-1"]
[ICCResult "White forfeits on time"]
[WhiteElo "1881"]
[BlackElo "1613"]
[Opening "Queen's bishop game"]
[ECO "D02"]
[NIC "QP.08"]
[Time "20:19:40"]
[TimeControl "180+0"]

1. d4 d5 2. Nf3 Nf6 3. Bf4 e6 4. e3 c5 5. c3 Nc6 6. Bd3 Bd6 7. Bg3 Ne4 8.
Nbd2 f5 9. Qc2 O-O 10. Be5 Nf6 11. h3 Ne7 12. g4 Ne4 13. Bxd6 Qxd6 14. Ne5
b6 15. f3 Nxd2 16. Qxd2 Bb7 17. O-O-O Rad8 18. Rdg1 Qc7 19. h4 a6 20. h5 b5
21. gxf5 exf5 22. h6 g6 23. Kb1 cxd4 24. exd4 Qd6 25. Qg5 Qf6 26. Qf4 Nc6
27. Nxg6 hxg6 28. h7+ Kh8 29. Qh6 Ne7 30. f4 Bc6 {White forfeits on time}
0-1

[Event "ICCopen2017"]
[Site "Internet Chess Club"]
[Date "2017.03.26"]
[Round "7"]
[White "BoldPlan"]
[Black "patterncircular"]
[Result "1-0"]
[ICCResult "Black forfeits on time"]
[WhiteElo "1849"]
[BlackElo "2012"]
[Opening "King's pawn opening"]
[ECO "B07"]
[NIC "VO.17"]
[Time "20:19:47"]
[TimeControl "180+0"]

1. e4 d6 2. Na3 Nf6 3. d3 c6 4. f4 e5 5. Nf3 Qc7 6. c3 Bg4 7. Nc2 Nbd7 8.
Ne3 Bxf3 9. Qxf3 g6 10. g3 Bg7 11. Bg2 O-O 12. O-O b5 13. Bd2 a5 14. f5 h6
15. g4 g5 16. h4 Nh7 17. Be1 Bf6 18. Qh3 Kg7 19. Rd1 Qa7 20. h5 a4 21. Bf2
Qc7 22. d4 Rfe8 23. Rd2 Be7 24. f6+ Ndxf6 25. Nf5+ Kh8 26. Nxh6 Bf8 27. Nf5
exd4 28. Bxd4 c5 29. Bxf6+ Nxf6 30. Qd3 Rad8 31. Bf3 Nd7 32. Qe3 f6 33. Rd5
Ne5 34. Rfd1 Rd7 35. Kg2 Red8 36. b3 axb3 37. axb3 Qa7 38. R1d2 Qa1 39. b4
cxb4 40. cxb4 Qc1 41. Qd4 Qe1 42. Re2 Qh4 43. Qf2 Nxf3 44. Qxf3 Re8 45. Red2
Re6 46. R2d4 Qe1 47. Rxb5 Qc3 48. Rb8 Qxf3+ 49. Kxf3 Kg8 50. Nh6+ Kg7 51.
Nf5+ Kf7 52. h6 Re5 53. Rxf8+ {Black forfeits on time} 1-0

[Event "ICCopen2017"]
[Site "Internet Chess Club"]
[Date "2017.03.26"]
[Round "7"]
[White "LevAbramovich"]
[Black "fishmaster"]
[Result "0-1"]
[ICCResult "White forfeits on time"]
[WhiteElo "2059"]
[BlackElo "1767"]
[Opening "Ruy Lopez: open (Tarrasch) defense"]
[ECO "C80"]
[NIC "RL.27"]
[Time "20:18:49"]
[TimeControl "180+0"]

1. e4 e5 2. Nf3 Nc6 3. Bb5 a6 4. Ba4 Nf6 5. O-O Nxe4 6. Re1 Nc5 7. Nxe5 Nxe5
8. Rxe5+ Be7 9. Bb3 O-O 10. d4 Nxb3 11. axb3 Bf6 12. Re1 Re8 13. c4 d6 14.
Be3 Bf5 15. Nc3 c6 16. Qd2 Bg6 17. Bf4 Qd7 18. Na4 Qc7 19. c5 Be7 20. Nb6
Rad8 21. Nc4 Qd7 22. Bxd6 Bf6 23. Rxe8+ Rxe8 24. Ne5 Bxe5 25. dxe5 Rxe5 26.
Re1 Rd5 27. Qe3 h6 28. h3 Rd3 29. Qe5 Rd5 30. Qe7 Qxe7 31. Rxe7 Rd2 32. Rxb7
Rxb2 33. Rb6 Be4 34. b4 Ra2 35. Rb8+ Kh7 36. Re8 Bd5 37. Re5 Rb2 38. Re7
Rxb4 39. Ra7 Ra4 40. f3 Ra1+ 41. Kh2 a5 42. Kg3 a4 43. Kf4 a3 44. Kg3 a2 45.
Be5 Rb1 46. Kf4 Rb4+ 47. Kf5 Rc4 48. Bd6 Rc2 49. Be5 Rxg2 50. f4 Rh2 51. h4
Rxh4 52. Bd4 Rh5+ 53. Kg4 Rh2 54. Kf5 Rd2 55. Be5 Rf2 56. Bd4 Rc2 57. Be5
Rxc5 58. Bd4 Rc4 59. Be5 c5 60. Bd6 Rc2 61. Be5 c4 62. Bd4 c3 63. Ra3 Rb2
64. Bxc3 Rb1 65. Bd4 Rd1 66. Be5 Bc4 67. Bd4 Bd3+ 68. Ke5 Rg1 69. Kd5 Be4+
70. Kc5 Rf1 71. Be5 Rxf4 72. Kd6 Bf3 73. Ke7 Rg4 74. Kd6 Rf4 75. Ke7 Rf5 76.
Kd6 Rg5 77. Ke7 g6 78. Kd6 h5 79. Ra8 Kh6 {White forfeits on time} 0-1

[Event "ICCopen2017"]
[Site "Internet Chess Club"]
[Date "2017.03.26"]
[Round "8"]
[White "zenit"]
[Black "Dewey"]
[Result "1-0"]
[ICCResult "Black resigns"]
[WhiteElo "1913"]
[BlackElo "1397"]
[Opening "French defense"]
[ECO "C01"]
[NIC "FR.01"]
[Time "20:28:52"]
[TimeControl "180+0"]

1. e4 e6 2. d4 Be7 3. f4 d6 4. Nf3 Bd7 5. Bd3 f6 6. O-O Nc6 7. a3 a6 8. c4
d5 9. cxd5 exd5 10. exd5 Bd6 11. dxc6 Bxc6 12. Nc3 {Black resigns} 1-0

[Event "ICCopen2017"]
[Site "Internet Chess Club"]
[Date "2017.03.26"]
[Round "8"]
[White "Dare-Dare"]
[Black "garompon"]
[Result "0-1"]
[ICCResult "White resigns"]
[WhiteElo "1975"]
[BlackElo "2602"]
[Opening "Pirc: Ufimtsev-Pytel variation"]
[ECO "B07"]
[NIC "PU.08"]
[Time "20:28:56"]
[TimeControl "180+0"]

1. e4 d6 2. d4 Nf6 3. Nc3 c6 4. Bg5 Qa5 5. Bd3 Qxg5 6. Qf3 e5 7. dxe5 dxe5
8. h4 Qf4 9. Qxf4 exf4 10. Nf3 Bg4 11. Ne5 Nbd7 12. Nxg4 Nxg4 {White
resigns} 0-1

[Event "ICCopen2017"]
[Site "Internet Chess Club"]
[Date "2017.03.26"]
[Round "8"]
[White "volver"]
[Black "blackjack721"]
[Result "1-0"]
[ICCResult "Black checkmated"]
[WhiteElo "1443"]
[BlackElo "1257"]
[Opening "Queen's pawn game"]
[ECO "D02"]
[NIC "QP.08"]
[Time "20:28:33"]
[TimeControl "180+0"]

1. d4 d5 2. Nf3 Bf5 3. e3 e6 4. c4 c5 5. Nc3 cxd4 6. Nxd4 Bg6 7. Qb3 Nd7 8.
cxd5 Nc5 9. Bb5+ Ke7 10. Qa3 f6 11. Qxc5+ Kf7 12. dxe6# {Black checkmated}
1-0